Map: Ever Dream LE

Players

RyuKey - Winner!

  • Race: Terran Terran
  • League: Diamond
  • Spawn Location: 1:00

Parzival

  • Race: Zerg Zerg
  • League: Diamond
  • Spawn Location: 7:00

VOD

Have the link to the VOD?

Description

Time

  • Played on: June 21, 2020, 3:30 p.m.
  • Length: 3:50
Show
View Real Time Build Order
Export as new Build Order

RyuKey Terran - Winner!

Build Orders:  

Get SALT Encoding   

  12  0:01  SCV  
  13  0:15  Supply Depot  
  13  0:38  Barracks  
  13  0:45  Barracks  
  13  1:00  Barracks  
  13  1:04  SCV  
  15  1:25  Marine  
  15  1:33  Marine  
  16  1:43  Marine  
  16  1:46  Bunker  
  17  1:48  Marine  
  17  1:49  Supply Depot  
  18  1:58  Marine  
  18  2:01  Marine  
  20  2:06  Marine  
  21  2:16  Marine  
  21  2:22  Marine  
  23  2:24  Marine  
  23  2:26  Bunker  
  24  2:34  Marine  
  25  2:39  Marine  
  26  2:45  Marine  
  26  2:52  Marine  
  26  2:57  Marine  
  28  3:00  Orbital Command  
  27  3:06  Marine  
  27  3:10  Marine  
  29  3:27  Marine x2  
Show
View Real Time Build Order
Export as new Build Order

Parzival Zerg 

Build Orders: Hatch First 

Get SALT Encoding   

  12  0:02  Drone  
  13  0:12  Overlord  
  13  0:16  Drone  
  14  0:31  Drone  
  14  0:35  Drone  
  16  0:50  Hatchery  
  16  0:54  Drone  
  16  0:58  Drone  
  17  1:08  Drone  
  18  1:11  Extractor  
  18  1:16  Spawning Pool  
  16  1:19  Drone  
  17  1:28  Drone  
  18  1:39  Drone  
  19  1:51  Drone  
  20  2:01  Overlord  
  20  2:03  Zergling x2  
  20  2:07  Queen  
  20  2:08  Queen  
  24  2:26  Drone x4  
  27  2:33  Zergling x2  
  27  2:35  Zergling x2  
  24  2:51  Queen  
  24  2:52  Zergling x4  
  24  2:54  Overlord  
  26  3:07  Spine Crawler  
  26  3:09  Zergling x4  
  26  3:10  Zergling x2  
  28  3:17  Baneling Nest  
  28  3:19  Zergling x2  
  28  3:21  Zergling x2  
  28  3:23  Zergling x2  
Tags
 
Add a new tag
Caveats
  • Supply blocks, unpowered buildings, or Contaminate may cause inaccurate times.
  • Supply counts are checked every 10 seconds.